| TOP OF THE 1ST |
|
Louisville Bats batting - Pitching for Lehigh Valley IronPigs : RHP Chris Perteet
|
|
Pitching: RHP Chris Perteet
|
|
|
Batting: RHB Won-jun Park
|
0-0: Swinging Strike 0-1: Foul Ball, location: 2F 0-2: SINGLE (Groundball, 6MD, EV 96.2 MPH)
|
|
Batting: SHB Freddie Farrar
|
0-0: Ball 1-0: SINGLE (Groundball, 4MD, EV 97.5 MPH) Won-jun Park to second Runner from 2nd tries for 3rd, SAFE, throw by CF made to third
|
|
Batting: RHB Bruno André
|
0-0: Ball 1-0: Called Strike 1-1: Foul Ball, location: 2F 1-2: Strikes out swinging
|
|
Batting: LHB Jared Paige
|
0-0: Foul Ball, location: 2F 0-1: Ball 1-1: Swinging Strike 1-2: Foul Ball, location: 2F 1-2: Ball 2-2: Strikes out swinging
|
|
Batting: RHB Jonathan Robies
|
0-0: Called Strike Passed Ball! Won-jun Park scores Freddie Farrar to second 0-1: Swinging Strike 0-2: Ball 1-2: Foul Ball, location: 2F 1-2: Ball 2-2: Ball 3-2: Strikes out swinging
|
| Top of the 1st over - 1 run, 2 hits, 0 errors, 1 left on base; Louisville 1 - Lehigh Valley 0 |
| BOTTOM OF THE 1ST |
|
Lehigh Valley IronPigs batting - Pitching for Louisville Bats : RHP Matt Moffat
|
|
Pitching: RHP Matt Moffat
|
|
|
Batting: LHB Chris Moody
|
0-0: Fly out, F8 (Flyball, 8RD, EV 90.6 MPH)
|
|
Batting: RHB Mark Schultz
|
0-0: Called Strike 0-1: Called Strike 0-2: Strikes out swinging
|
|
Batting: RHB Melchor Sovrivilla
|
0-0: Foul Ball, location: 2F 0-1: Called Strike 0-2: Fly out, F9 (Line Drive, 9S, EV 98.1 MPH)
|
| Bottom of the 1st over - 0 runs, 0 hits, 0 errors, 0 left on base; Louisville 1 - Lehigh Valley 0 |
| TOP OF THE 2ND |
|
Louisville Bats batting - Pitching for Lehigh Valley IronPigs : RHP Chris Perteet
|
|
Batting: LHB Leo Gomez
|
0-0: Ball 1-0: Ball 2-0: Ball 3-0: Called Strike 3-1: SINGLE (Groundball, 3S, EV 66.9 MPH) (infield hit)
|
|
Batting: SHB Paul Sandoval
|
0-0: Ball 1-0: Ball 2-0: Ball 3-0: Called Strike 3-1: Fielders Choice at 2nd, 5-4 (Groundball, 56, EV 83.1 MPH)
|
|
Pinch Hitting: RHB Steve Bauman
|
0-0: Ball 1-0: Swinging Strike 1-1: Foul Ball, location: 2F 1-2: Ground out 4-3 (Groundball, 4M, EV 98.8 MPH) Paul Sandoval to second
|
|
Batting: RHB Ben Hinman
|
0-0: Ball 1-0: Ball Paul Sandoval steals 3rd base 2-0: Ball 3-0: Called Strike 3-1: Fly out, F6 (Popup, 6MD, EV 61.9 MPH)
|
| Top of the 2nd over - 0 runs, 1 hit, 0 errors, 1 left on base; Louisville 1 - Lehigh Valley 0 |
| BOTTOM OF THE 2ND |
|
Lehigh Valley IronPigs batting - Pitching for Louisville Bats : RHP Matt Moffat
|
|
Now in RF: Steve Bauman
|
|
|
Batting: RHB Jose Leon
|
0-0: Called Strike 0-1: Swinging Strike 0-2: Strikes out looking
|
|
Batting: LHB Danny Hill
|
0-0: Ball 1-0: Foul Ball, location: 2F 1-1: Foul Ball, location: 2F 1-2: Foul Ball, location: 2F 1-2: Ball 2-2: Ball 3-2: Fly out, F8 (Flyball, 8RXD, EV 108.8 MPH)
|
|
Batting: LHB Jose Carlos
|
0-0: Ball 1-0: Called Strike 1-1: Foul Ball, location: 2F 1-2: Ball 2-2: Foul Ball, location: 2F 2-2: Ball 3-2: Strikes out swinging
|
| Bottom of the 2nd over - 0 runs, 0 hits, 0 errors, 0 left on base; Louisville 1 - Lehigh Valley 0 |
| TOP OF THE 3RD |
|
Louisville Bats batting - Pitching for Lehigh Valley IronPigs : RHP Chris Perteet
|
|
Batting: RHB Won-jun Park
|
0-0: Called Strike 0-1: SINGLE (Groundball, 4MS, EV 71.9 MPH) (infield hit)
|
|
Batting: SHB Freddie Farrar
|
0-0: Fielders Choice at 2nd, 1-4 (Groundball, 15S, EV 67.5 MPH)
|
|
Batting: RHB Bruno André
|
0-0: Called Strike 0-1: Swinging Strike 0-2: Ball 1-2: Ball 2-2: Foul Ball, location: 2F 2-2: Ball 3-2: Base on Balls Freddie Farrar to second
|
|
Batting: LHB Jared Paige
|
0-0: Ball 1-0: Swinging Strike 1-1: Ball 2-1: Swinging Strike 2-2: Strikes out swinging
|
|
Batting: RHB Jonathan Robies
|
0-0: Ball 1-0: Swinging Strike 1-1: Ball 2-1: Swinging Strike 2-2: Strikes out swinging
|
| Top of the 3rd over - 0 runs, 1 hit, 0 errors, 2 left on base; Louisville 1 - Lehigh Valley 0 |
| BOTTOM OF THE 3RD |
|
Lehigh Valley IronPigs batting - Pitching for Louisville Bats : RHP Matt Moffat
|
|
Batting: SHB Kaname Fujimoto
|
0-0: Called Strike 0-1: Ball 1-1: Foul Ball, location: 2F 1-2: Strikes out swinging
|
|
Batting: LHB Pat Shaddock
|
0-0: Called Strike 0-1: SINGLE (Groundball, 3D, EV 103.8 MPH)
|
|
Batting: LHB Tom Edwards
|
0-0: Ball 1-0: Fielders Choice at 2nd, 4-6 (Groundball, 34, EV 88.8 MPH)
|
|
Batting: LHB Chris Moody
|
0-0: Ball 1-0: Called Strike 1-1: Ball 2-1: Ball 3-1: SINGLE (Groundball, 6D, EV 100.6 MPH) Tom Edwards to second
|
|
Batting: RHB Mark Schultz
|
0-0: Ball 1-0: Called Strike 1-1: SINGLE (Groundball, 6MD, EV 96.2 MPH) Tom Edwards to third Chris Moody to second Runner from 3rd tries for Home, SAFE, throw by CF to home
|
|
Batting: RHB Melchor Sovrivilla
|
0-0: Foul Ball, location: 2F 0-1: Called Strike 0-2: Strikes out swinging
|
| Bottom of the 3rd over - 1 run, 3 hits, 0 errors, 2 left on base; Louisville 1 - Lehigh Valley 1 |
| TOP OF THE 4TH |
|
Louisville Bats batting - Pitching for Lehigh Valley IronPigs : RHP Chris Perteet
|
|
Batting: LHB Leo Gomez
|
0-0: Called Strike 0-1: Ball 1-1: Swinging Strike 1-2: Ball 2-2: Ball 3-2: Foul Ball, location: 2F 3-2: Base on Balls
|
|
Batting: SHB Paul Sandoval
|
0-0: Fielders Choice at 2nd, 3-6 (Groundball, 3, EV 83.1 MPH)
|
|
Batting: RHB Steve Bauman
|
0-0: Ball 1-0: Called Strike 1-1: DOUBLE (Groundball, 5L, EV 95.6 MPH) Paul Sandoval to third
|
|
Batting: RHB Ben Hinman
|
0-0: Called Strike 0-1: Swinging Strike 0-2: Ball 1-2: Strikes out swinging
|
|
Batting: RHB Won-jun Park
|
0-0: Ball 1-0: Ball 2-0: Ball 3-0: Base on Balls
|
|
Batting: SHB Freddie Farrar
|
0-0: Foul Ball, location: 2F 0-1: Foul Ball, location: 2F 0-2: Ball 1-2: Foul Ball, location: 2F 1-2: Ball 2-2: Foul Ball, location: 2F 2-2: GRAND SLAM HOME RUN (Flyball, 8RXD, EV 116.9 MPH), Distance : 480 ft
|
|
Pitching: RHP Julio Espinel
|
|
|
Batting: RHB Bruno André
|
0-0: Called Strike 0-1: Ball 1-1: Ground out 6-3 (Groundball, 6M, EV 101.9 MPH)
|
| Top of the 4th over - 4 runs, 2 hits, 0 errors, 0 left on base; Louisville 5 - Lehigh Valley 1 |
| BOTTOM OF THE 4TH |
|
Lehigh Valley IronPigs batting - Pitching for Louisville Bats : RHP Matt Moffat
|
|
Batting: RHB Jose Leon
|
0-0: Ball 1-0: Ball 2-0: Called Strike 2-1: Fly out, F8 (Flyball, 8LM, EV 85.0 MPH)
|
|
Batting: LHB Danny Hill
|
0-0: Ball 1-0: Ball 2-0: Ball 3-0: Base on Balls
|
|
Batting: LHB Jose Carlos
|
0-0: Swinging Strike 0-1: Ball 1-1: Foul Ball, location: 2F 1-2: Ball 2-2: Foul Ball, location: 2F 2-2: Strikes out looking
|
|
Batting: SHB Kaname Fujimoto
|
0-0: 2-RUN HOME RUN (Flyball, 9D, EV 99.4 MPH), Distance : 376 ft
|
|
Batting: LHB Pat Shaddock
|
0-0: Ball 1-0: Called Strike 1-1: Ball 2-1: Ground out U3 (Groundball, 3L, EV 105.0 MPH)
|
| Bottom of the 4th over - 2 runs, 1 hit, 0 errors, 0 left on base; Louisville 5 - Lehigh Valley 3 |
| TOP OF THE 5TH |
|
Louisville Bats batting - Pitching for Lehigh Valley IronPigs : RHP Julio Espinel
|
|
Batting: LHB Jared Paige
|
0-0: Ball 1-0: Ball 2-0: Ball 3-0: Called Strike 3-1: Base on Balls
|
|
Batting: RHB Jonathan Robies
|
0-0: Ball 1-0: Foul Ball, location: 2F 1-1: Ball 2-1: Ball 3-1: Base on Balls Jared Paige to second
|
|
Batting: LHB Leo Gomez
|
0-0: Grounds into double play, 4-6-3 (Groundball, 4, EV 106.9 MPH) Jared Paige to third
|
|
Batting: SHB Paul Sandoval
|
0-0: Called Strike 0-1: Ball 1-1: Foul Ball, location: 2F 1-2: Ball 2-2: Strikes out swinging, 2-3 out at first.
|
| Top of the 5th over - 0 runs, 0 hits, 0 errors, 1 left on base; Louisville 5 - Lehigh Valley 3 |
| BOTTOM OF THE 5TH |
|
Lehigh Valley IronPigs batting - Pitching for Louisville Bats : RHP Matt Moffat
|
|
Batting: LHB Tom Edwards
|
0-0: Called Strike 0-1: Ball 1-1: Swinging Strike 1-2: Foul Ball, location: 2F 1-2: Foul Ball, location: 2F 1-2: Ball 2-2: Ball 3-2: Ground out U3 (Groundball, 34, EV 105.0 MPH)
|
|
Batting: LHB Chris Moody
|
0-0: Called Strike 0-1: Ground out 4-3 (Groundball, 4, EV 80.6 MPH)
|
|
Batting: RHB Mark Schultz
|
0-0: Ground out 4-3 (Groundball, 34D, EV 103.1 MPH)
|
| Bottom of the 5th over - 0 runs, 0 hits, 0 errors, 0 left on base; Louisville 5 - Lehigh Valley 3 |
| TOP OF THE 6TH |
|
Louisville Bats batting - Pitching for Lehigh Valley IronPigs : RHP Julio Espinel
|
|
Batting: RHB Steve Bauman
|
0-0: Ball 1-0: Ball 2-0: Called Strike 2-1: Ball 3-1: Ground out 5-3 (Groundball, 5, EV 101.2 MPH)
|
|
Batting: RHB Ben Hinman
|
0-0: Ball 1-0: Called Strike 1-1: Fly out, F4 (Line Drive, 4, EV 76.9 MPH)
|
|
Batting: RHB Won-jun Park
|
0-0: Foul Ball, location: 2F 0-1: Foul Ball, location: 2F 0-2: Strikes out looking
|
| Top of the 6th over - 0 runs, 0 hits, 0 errors, 0 left on base; Louisville 5 - Lehigh Valley 3 |
| BOTTOM OF THE 6TH |
|
Lehigh Valley IronPigs batting - Pitching for Louisville Bats : RHP Matt Moffat
|
|
Batting: RHB Melchor Sovrivilla
|
0-0: Called Strike 0-1: Ground out 5-3 (Groundball, 5S, EV 67.5 MPH)
|
|
Batting: RHB Jose Leon
|
0-0: Ball 1-0: Ball 2-0: Called Strike 2-1: Ball 3-1: Called Strike 3-2: Strikes out swinging
|
|
Batting: LHB Danny Hill
|
0-0: Called Strike 0-1: Fly out, F9 (Flyball, 9LM, EV 95.0 MPH)
|
| Bottom of the 6th over - 0 runs, 0 hits, 0 errors, 0 left on base; Louisville 5 - Lehigh Valley 3 |
| TOP OF THE 7TH |
|
Louisville Bats batting - Pitching for Lehigh Valley IronPigs : RHP Julio Espinel
|
|
Pitching: RHP William-Floyd Goof
|
|
|
Batting: SHB Freddie Farrar
|
0-0: Swinging Strike 0-1: Ball 1-1: Swinging Strike 1-2: Strikes out swinging
|
|
Batting: RHB Bruno André
|
0-0: Called Strike 0-1: Ground out 5-3 (Groundball, 5, EV 98.8 MPH)
|
|
Batting: LHB Jared Paige
|
0-0: Called Strike 0-1: Called Strike 0-2: Ball 1-2: Strikes out looking
|
| Top of the 7th over - 0 runs, 0 hits, 0 errors, 0 left on base; Louisville 5 - Lehigh Valley 3 |
| BOTTOM OF THE 7TH |
|
Lehigh Valley IronPigs batting - Pitching for Louisville Bats : RHP Matt Moffat
|
|
Batting: LHB Jose Carlos
|
0-0: Ball 1-0: Ball 2-0: Ground out 4-3 (Groundball, 34D, EV 106.9 MPH)
|
|
Batting: SHB Kaname Fujimoto
|
0-0: Called Strike 0-1: Ground out 5-3 (Groundball, 5, EV 88.1 MPH)
|
|
Batting: LHB Pat Shaddock
|
0-0: Foul Ball, location: 2F 0-1: Ball 1-1: Swinging Strike 1-2: Ground out 6-3 (Groundball, 6, EV 103.8 MPH)
|
| Bottom of the 7th over - 0 runs, 0 hits, 0 errors, 0 left on base; Louisville 5 - Lehigh Valley 3 |
| TOP OF THE 8TH |
|
Louisville Bats batting - Pitching for Lehigh Valley IronPigs : RHP William-Floyd Goof
|
|
Batting: RHB Jonathan Robies
|
0-0: Ball 1-0: SINGLE (Line Drive, 89S, EV 89.4 MPH)
|
|
Batting: LHB Leo Gomez
|
0-0: Swinging Strike 0-1: Swinging Strike 0-2: Foul Ball, location: 2F 0-2: Ball 1-2: Strikes out swinging
|
|
Batting: SHB Paul Sandoval
|
0-0: Ball 1-0: Called Strike 1-1: Foul Ball, location: 2F 1-2: Foul Ball, location: 2F 1-2: Foul Ball, location: 2F 1-2: Ball 2-2: Strikes out looking
|
|
Batting: RHB Steve Bauman
|
0-0: Hit by Pitch Jonathan Robies to second
|
|
Batting: RHB Ben Hinman
|
0-0: Foul Ball, location: 2F 0-1: Ball Wild Pitch! Jonathan Robies to third Steve Bauman to second 1-1: Called Strike 1-2: Ground out U3 (Groundball, 34S, EV 68.1 MPH)
|
| Top of the 8th over - 0 runs, 1 hit, 0 errors, 2 left on base; Louisville 5 - Lehigh Valley 3 |
| BOTTOM OF THE 8TH |
|
Lehigh Valley IronPigs batting - Pitching for Louisville Bats : RHP Matt Moffat
|
|
Batting: LHB Tom Edwards
|
0-0: Swinging Strike 0-1: Ball 1-1: DOUBLE (Groundball, 3L, EV 101.2 MPH)
|
|
Pitching: LHP Mark Sandoval
|
|
|
Pinch Hitting: RHB Xavier Castellanos
|
0-0: Called Strike 0-1: Ball 1-1: Ground out 6-3 (Groundball, 6M, EV 91.2 MPH) Tom Edwards to third
|
|
Pitching: RHP Junpei Yamazaki
|
|
|
Batting: RHB Mark Schultz
|
0-0: Foul Ball, location: 2F 0-1: SINGLE (Flyball, 34D, EV 85.6 MPH) Tom Edwards scores
|
|
Batting: RHB Melchor Sovrivilla
|
0-0: Called Strike 0-1: Called Strike Pickoff Throw to First - Out! 1-3 0-2: Foul Ball, location: 2F 0-2: Foul Ball, location: 2F 0-2: Ground out 6-3 (Groundball, 56, EV 90.6 MPH)
|
| Bottom of the 8th over - 1 run, 2 hits, 0 errors, 0 left on base; Louisville 5 - Lehigh Valley 4 |
| TOP OF THE 9TH |
|
Louisville Bats batting - Pitching for Lehigh Valley IronPigs : RHP William-Floyd Goof
|
|
Pitching: RHP Victor Castillo
|
|
|
Now in CF: Xavier Castellanos
|
|
|
Batting: RHB Won-jun Park
|
0-0: Ball 1-0: Called Strike 1-1: Ground out 6-3 (Groundball, 6, EV 83.8 MPH)
|
|
Batting: SHB Freddie Farrar
|
0-0: Ball 1-0: Swinging Strike 1-1: Ball 2-1: Swinging Strike 2-2: DOUBLE (Line Drive, 9LS, EV 103.1 MPH)
|
|
Batting: RHB Bruno André
|
0-0: Swinging Strike 0-1: Ball 1-1: Swinging Strike 1-2: Strikes out swinging
|
|
Pitching: LHP Brian Wildrick
|
|
|
Batting: LHB Jared Paige
|
0-0: Ball 1-0: Called Strike 1-1: Ball 2-1: Foul Ball, location: 2F 2-2: Foul Ball, location: 2F 2-2: SINGLE (Groundball, 6M, EV 86.9 MPH) (infield hit) Freddie Farrar to third
|
|
Pitching: RHP Josh Allport
|
|
|
Batting: RHB Jonathan Robies
|
0-0: Called Strike 0-1: Called Strike 0-2: Ball 1-2: Ball 2-2: Foul Ball, location: 2F 2-2: Foul Ball, location: 2F 2-2: Ball 3-2: Ground out 4-3 (Groundball, 34S, EV 94.4 MPH)
|
| Top of the 9th over - 0 runs, 2 hits, 0 errors, 2 left on base; Louisville 5 - Lehigh Valley 4 |
| BOTTOM OF THE 9TH |
|
Lehigh Valley IronPigs batting - Pitching for Louisville Bats : RHP Junpei Yamazaki
|
|
Batting: RHB Jose Leon
|
0-0: Ball 1-0: Ball 2-0: Foul Ball, location: 2F 2-1: Foul Ball, location: 2F 2-2: Foul Ball, location: 2F 2-2: Ball 3-2: Strikes out looking
|
|
Batting: LHB Danny Hill
|
0-0: Ball 1-0: Ball 2-0: Called Strike 2-1: Called Strike 2-2: Ball 3-2: Strikes out swinging
|
|
Batting: LHB Jose Carlos
|
0-0: Ball 1-0: Ball 2-0: Ball 3-0: Base on Balls
|
|
Batting: SHB Kaname Fujimoto
|
0-0: Foul Ball, location: 2F 0-1: Swinging Strike 0-2: Strikes out looking
|
| Bottom of the 9th over - 0 runs, 0 hits, 0 errors, 1 left on base; Louisville 5 - Lehigh Valley 4 |
|